 Dungeon Crawl Stone Soup version 0.23.2-1-ga50397a6bc (webtiles) character file.

Game seed: 8838720300341932782

498 OMOHnopBeT the Slasher (level 6, -2/56 HPs)
             Began as a Minotaur Fighter on May 3, 2019.
             Slain by an ogre
             ... wielding a +0 giant club
              (18 damage)
             ... on level 4 of the Dungeon.
             The game lasted 00:10:09 (2674 turns).

OMOHnopBeT the Slasher (Minotaur Fighter)           Turns: 2674, Time: 00:10:09

Health: -2/56      AC: 12    Str: 23    XL:     6   Next: 94%
Magic:  5/5        EV:  4    Int:  5    God:
Gold:   190        SH:  9    Dex:  9    Spells: 5/5 levels left

rFire    . . .     SeeInvis .   a - +1 long sword
rCold    . . .     Gourm    .   c - +0 shield
rNeg     . . .     Faith    .   p - +0 plate armour (curse)
rPois    .         Spirit   .   (helmet restricted)
rElec    .         Reflect  .   (no cloak)
rCorr    .         Harm     .   (no gloves)
MR       .....                  (no boots)
Stlth    ..........             (no amulet)
HPRegen  0.18/turn              (no ring)
MPRegen  0.09/turn              (no ring)

@: no status effects
A: retaliatory headbutt, horns 2
a: no special abilities


You were on level 4 of the Dungeon.
You were not hungry.

You visited 1 branch of the dungeon, and saw 4 of its levels.

You collected 190 gold pieces.

Inventory:

Hand Weapons
 a - a +1 long sword (weapon)
Missiles
 l - 3 javelins (quivered)
Armour
 c - a +0 shield (worn)
 p - a cursed +0 plate armour (worn)
Jewellery
 b - an uncursed ring of ice
Scrolls
 h - 2 scrolls of remove curse
 j - a scroll of enchant weapon
 k - a scroll of teleportation
Potions
 d - 2 potions of might
 e - a potion of flight {unknown}
 i - a potion of heal wounds
 m - 2 potions of curing
 o - a potion of ambrosia
Comestibles
 f - 5 rations


   Skills:
 + Level 5.6 Fighting
 * Level 6.6 Long Blades
 + Level 5.7 Armour
 - Level 3.6 Shields


You had 5 spell levels left.
You didn't know any spells.
Your spell library was empty.

Dungeon Overview and Level Annotations

Branches:
Dungeon (4/15)
 Temple: D:4-7

Altars:
Fedhas


Innate Abilities, Weirdness & Mutations

You reflexively headbutt those who attack you in melee.
You have a pair of horns on your head.


Message History

The bullfrog skeleton completely misses you.
You furiously retaliate!
You headbutt the bullfrog skeleton!
You destroy the bullfrog skeleton!
All of the chunks of flesh in your inventory have rotted away.
Throwing (i - inventory)
l - 5 javelins (quivered)
Press: ? - help, Shift-Dir - straight line, f - ogre
Aim: an ogre, wielding a +0 giant club (heavily wounded)
You throw a javelin. The javelin hits the ogre.
The ogre is severely wounded.
The ogre hits you with a +0 giant club!
* * * LOW HITPOINT WARNING * * *
You block the ogre's attack.
Throwing (i - inventory)
l - 4 javelins (quivered)
Press: ? - help, Shift-Dir - straight line, f/p - ogre
Aim: an ogre, wielding a +0 giant club (moderately wounded)
You throw a javelin.
The javelin hits the ogre but does no damage.
The ogre is moderately wounded.
The ogre hits you with a +0 giant club!!
You die...

#..#.###...####.....
#..#................
#...........####'###
###########.####.....# #....
#..............#.....########
##.#########.#.#>#.#.........
#.# #........#.#########. #.#
#.######.#.# #.# #...@O(..#.#
#.# ##########'## #.#
#...<..# #.# #.......# #.#
#.....#+# #.# #####++ #.# #.#
####+.. #.# .....#


You could see an ogre.

Vanquished Creatures
  2 centaurs
  2 orc priests (D:3)
  A bullfrog skeleton (D:4)
  2 worker ants (D:4)
  3 gnolls (D:2)
  9 adders
  An ooze (D:3)
  An adder skeleton (D:4)
  2 worms (D:3)
  A dart slug (D:3)
  7 leopard geckos
  3 orcs (D:3)
  4 giant cockroaches
  9 goblins
  7 hobgoblins
  4 jackals
  A quokka (D:2)
  13 bats
  6 frilled lizards
  7 kobolds
  A quokka skeleton (D:4)
  3 rats
89 creatures vanquished.

Notes
Turn   | Place    | Note
-------+----------+-------------------------------------------
     0 | D:1      | OMOHnopBeT the Minotaur Fighter began the quest for the
                  | Orb.
     0 | D:1      | Reached XP level 1. HP: 19/19 MP: 0/0
    68 | D:1      | Reached skill level 3 in Long Blades
    68 | D:1      | Reached XP level 2. HP: 23/27 MP: 1/1
   742 | D:2      | Reached XP level 3. HP: 23/33 MP: 2/2
   826 | D:2      | Reached skill level 4 in Long Blades
   899 | D:2      | Reached XP level 4. HP: 25/40 MP: 3/3
  1299 | D:2      | Noticed a centaur
  1304 | D:2      | Killed a centaur
  1304 | D:2      | Reached skill level 5 in Long Blades
  1304 | D:2      | Reached XP level 5. HP: 33/47 MP: 4/4
  1353 | D:2      | Reached skill level 5 in Armour
  1592 | D:3      | Reached skill level 5 in Fighting
  1811 | D:3      | Found a blossoming altar of Fedhas.
  1815 | D:3      | Reached XP level 6. HP: 40/56 MP: 5/5
  2098 | D:3      | Reached skill level 6 in Long Blades
  2515 | D:4      | HP: 1/56 [bullfrog skeleton (4)]
  2674 | D:4      | Slain by an ogre

Skill      XL: |  1  2  3  4  5  6 |
---------------+-------------------+-----
Long Blades    | 3 4 5 6 |  6.6
Fighting       | 4 5 |  5.6
Armour         | 4 5 |  5.7
Shields        | |  3.6

Action                   |  1- 3 |  4- 6 || total
-------------------------+-------+-------++-------
Melee: Long sword        |    91 |   164 ||   255
       Headbutt          |    17 |    24 ||    41
Throw: Javelin           |       |     6 ||     6
  Use: Potion            |       |     1 ||     1
       Scroll            |       |     6 ||     6
  Eat: Chunk             |       |     6 ||     6
Armor: Scale mail        |    67 |    28 ||    95
       Chain mail        |       |     7 ||     7
       Plate armour      |       |    46 ||    46
Dodge: Dodged            |    37 |    44 ||    81
Block: Shield            |    54 |    98 ||   152
       Rpst.: Long sword |    11 |    13 ||    24
